 Dungeon Crawl Stone Soup version 0.30.0-20-g3615ddf2f0 (webtiles) character file.

Game seed: 13432824751491019828

799 qw the Chopper (level 7, 0/44 HPs)
             Began as a Gargoyle Fighter on May 31, 2023.
             Was an Initiate of Okawaru.
             Slain by Pikel
             ... wielding a +2 whip of flaming
              (2 damage)
             ... on level 5 of the Dungeon.
             The game lasted 00:02:22 (4272 turns).

qw the Chopper (Gargoyle Fighter)                   Turns: 4272, Time: 00:02:22

Health: 0/44       AC: 12    Str: 21    XL:     7   Next: 90%
Magic:  7/7        EV:  9    Int:  9    God:    Okawaru [......]
Gold:   238        SH:  4    Dex:  9    Spells: 6/6 levels left

rFire   . . .        Y - +1 war axe
rCold   . . .        c - +0 buckler
rNeg    + . .        b - +0 scale mail
rPois   inf          f - +0 helmet
rElec   +            (no cloak)
rCorr   .            (no gloves)
SInv    .            (no boots)
Will    .....        (no amulet) Stlth
                     (no ring)
HPRegen 0.27/turn    (no ring)
MPRegen 0.10/turn

%: no passive effects
@: about to teleport
A: sickness immunity, AC +4, negative energy resistance 1, electricity
resistance, torment resistance 1, petrification resistance
a: Renounce Religion


You were on level 5 of the Dungeon.
You worshipped Okawaru.
Okawaru was noncommittal.
You visited 2 branches of the dungeon, and saw 7 of its levels.

You collected 238 gold pieces.


Innate Abilities, Weirdness & Mutations

You are immune to sickness and miasma.
Your stone body is resilient. (AC +4)
You are immune to poison.
You resist negative energy. (rN+)
You are resistant to electric shocks. (rElec)
You are resistant to unholy torment.
You are immune to petrification.


   Skills:
 - Level 5.1 Fighting
 + Level 7.1 Axes
 - Level 3.2 Armour
 - Level 1.0 Dodging
 - Level 3.2 Shields


You had 6 spell levels left.
You didn't know any spells.
Your spell library was empty.

Inventory:

Hand Weapons
 e - a +0 flail
 Y - a +1 war axe (weapon)
Armour
 b - a +0 scale mail (worn)
 c - a +0 buckler (worn)
 f - a +0 helmet (worn)
 i - a +2 leather armour of fire resistance
Scrolls
 a - 2 scrolls of identify
 h - 6 scrolls of teleportation
Potions
 d - a potion of might

Dungeon Overview and Level Annotations

Branches:
Dungeon (6/15)             Temple (1/1) D:4

Altars:
Ashenzari
Cheibriados
Dithmenos
Elyvilon
Fedhas
Gozag
Hepliaklqana
Kikubaaqudgha
Makhleb
Okawaru
Qazlal
Ru
Trog
Uskayaw
Vehumet
Wu Jian
Xom
Yredelemnul
Zin
The Shining One

Annotations:
D:5 Pikel
D:6 Edmund


Message History

Enter note:
Enter note:
Enter note:
Enter note:
Enter note: You completely miss the lemure.
The lemure is almost dead.
You barely miss Pikel. You hit the lemure.
Pikel hits you with a +2 whip of flaming.
Pikel burns you.
The lemure hits you but does no damage. x2
You slash the lemure!
You kill the lemure!
That felt strangely unrewarding.
You miss Pikel. You miss the lemure. Pikel barely misses you.
The lemure closely misses you.
You slash the lemure!
The lemure is heavily wounded.
You barely miss Pikel.
Pikel hits you with a +2 whip of flaming!
Pikel burns you. The lemure hits you.
You barely miss the lemure.
The lemure is heavily wounded.
You hit Pikel but do no damage.
Pikel hits you with a +2 whip of flaming.
Pikel burns you. You block the lemure's attack.
Pikel hits you with a +2 whip of flaming.
Pikel burns you. The lemure hits you!
4270 ||| READING 7 scrolls of teleportation.
As you read the scroll of teleportation, it crumbles to dust.
You feel strangely unstable. You block Pikel's attack.
The lemure hits you but does no damage.
You slash the lemure!
The lemure is severely wounded.
You hit Pikel. You block Pikel's attack. You block the lemure's attack.
You hit the lemure.
The lemure is almost dead.
You barely miss Pikel.
Pikel checks his coin pouch and frowns.
Pikel hits you with a +2 whip of flaming.
You die...

#.#.# #.#.# #.#.# #.#.# #.#.#
###### ###### #.#.# #....#
#^...) #.#.# ###....######.....
#.#.#####5+....'....+<....
#.......K@#....######.....
#.#.#####.#....# #.....
#######...........#### #..[..
#...................#######).)..
#.###########.#.#.#.#......#####
#.# #.#.#.#.#......# #.#
#.#.#.#........# #.#
#.#.#.###......# #.#
#.#.#.###......# #


You could see Pikel and a lemure.

Vanquished Creatures
  Grinder (D:3)
  An ogre (D:5)
  A lemure (D:5)
  A howler monkey (D:5)
  2 jellies
  A hound (D:5)
  2 iguanas (D:5)
  A sleepcap (D:5)
  3 orc wizards (D:5)
  Robin (D:4)
  12 adders
  An ufetubus (D:5)
  A worm (D:2)
  2 dart slugs
  7 orcs
  11 ball pythons
  7 bats
  6 endoplasms
  4 giant cockroaches
  13 goblins
  10 hobgoblins
  7 jackals
  7 kobolds
  5 quokkas
  A frilled lizard (D:3)
  9 rats
117 creatures vanquished.

Notes
Turn   | Place    | Note
-------+----------+-------------------------------------------
     0 | D:1      | qw the Gargoyle Fighter began the quest for the Orb.
     0 | D:1      | Reached XP level 1. HP: 14/14 MP: 1/1
     0 | D:1      | 0 ||| qw: Version: 0.2-a-102-gfc559e5
     0 | D:1      | 0 ||| qw: Game counter: 566
     0 | D:1      | 0 ||| qw: Always use a shield: true
     0 | D:1      | 0 ||| qw: God list: Okawaru
     0 | D:1      | 0 ||| qw: Allow faded altars: false
     0 | D:1      | 0 ||| qw: Do Orc after D:15 true
     0 | D:1      | 0 ||| qw: Do second Lair branch before Depths: true
     0 | D:1      | 0 ||| qw: Lair rune preference: random
     0 | D:1      | 0 ||| qw: Plans: Normal, Zot:1-4, Slime:5, God:TSO, Crypt,
                  | Tomb, Pan, Hells, Abyss, Win
     0 | D:1      | 0 ||| PLANNING D:1-11
    15 | D:1      | 15 ||| Stepping ~*~*~tactically~*~*~ (water).
    20 | D:1      | Reached skill level 2 in Axes
    36 | D:1      | 36 ||| Stepping ~*~*~tactically~*~*~ (hiding).
    48 | D:1      | Reached XP level 2. HP: 18/19 MP: 2/2
   196 | D:1      | 196 ||| Stepping ~*~*~tactically~*~*~ (stealth).
   198 | D:1      | 198 ||| Stepping ~*~*~tactically~*~*~ (stealth).
   466 | D:1      | Reached skill level 3 in Axes
   548 | D:1      | Reached XP level 3. HP: 20/23 MP: 3/3
   799 | D:1      | 799 ||| Stepping ~*~*~tactically~*~*~ (stealth).
   984 | D:1      | 984 ||| UPGRADING to amulet of guardian spirit.
   989 | D:1      | 989 ||| READING scroll labelled QIHYEKHAPN.
   990 | D:1      | 990 ||| READING scroll labelled WAL ORUMIHI.
   991 | D:1      | 991 ||| READING scroll labelled CYOCUAFUUK.
  1106 | D:2      | 1106 ||| Stepping ~*~*~tactically~*~*~ (stealth).
  1203 | D:2      | Reached XP level 4. HP: 28/28 MP: 4/4
  1267 | D:2      | 1267 ||| DROPPING +0 club.
  1276 | D:2      | Reached skill level 4 in Axes
  1825 | D:2      | 1825 ||| DROPPING scarf of harm.
  1826 | D:2      | 1826 ||| READING scroll labelled ERPHAE NINUWI.
  1827 | D:2      | 1827 ||| READING 2 scrolls labelled EVIOSUW QENNAR.
  1828 | D:2      | 1828 ||| READING 3 scrolls labelled ZOGOQYEXTI.
  1833 | D:2      | 1833 ||| READING 2 scrolls labelled OMEUNK QEPIMO.
  1834 | D:2      | 1834 ||| READING scroll labelled FULA NITUO.
  1835 | D:2      | 1835 ||| DROPPING scroll of fog.
  1836 | D:2      | 1836 ||| DROPPING scroll of amnesia.
  1863 | D:3      | 1863 ||| DROPPING +0 whip.
  2089 | D:3      | 2089 ||| Stepping ~*~*~tactically~*~*~ (stealth).
  2093 | D:3      | 2093 ||| Stepping ~*~*~tactically~*~*~ (stealth).
  2110 | D:3      | 2110 ||| Stepping ~*~*~tactically~*~*~ (stealth).
  2129 | D:3      | Reached XP level 5. HP: 32/32 MP: 5/5
  2162 | D:3      | 2162 ||| Stepping ~*~*~tactically~*~*~ (stealth).
  2198 | D:3      | Noticed Grinder
  2199 | D:3      | 2199 ||| Stepping ~*~*~tactically~*~*~ (hiding).
  2203 | D:3      | Paralysed by Grinder for 2 turns
  2208 | D:3      | Killed Grinder
  2209 | D:3      | Reached skill level 6 in Axes
  2209 | D:3      | Reached XP level 6. HP: 23/37 MP: 3/6
  2587 | D:3      | Found a blossoming altar of Fedhas.
  2656 | D:3      | Found a faded altar of an unknown god.
  2749 | D:3      | 2749 ||| READING scroll labelled NIURAE PEZUTHRYIJY.
  2750 | D:3      | 2750 ||| READING 2 scrolls of identify.
  2750 | D:3      | 2750 ||| IDENTIFYING bubbling emerald potion
  2751 | D:3      | 2751 ||| DROPPING potion of berserk rage.
  2777 | D:4      | 2777 ||| PLANNING OSSUARY
  2788 | D:4      | 2788 ||| STAIRDANCE
  2924 | D:4      | 2924 ||| Stepping ~*~*~tactically~*~*~ (stealth).
  2955 | D:4      | 2955 ||| Stepping ~*~*~tactically~*~*~ (stealth).
  2956 | D:4      | 2956 ||| Stepping ~*~*~tactically~*~*~ (stealth).
  3023 | D:4      | 3023 ||| Stepping ~*~*~tactically~*~*~ (stealth).
  3033 | D:4      | You fall into a shaft and drop 1 floor!
  3033 | D:5      | Entered Level 5 of the Dungeon
  3085 | D:5      | Reached skill level 1 in Dodging
  3085 | D:5      | Reached XP level 7. HP: 38/43 MP: 5/7
  3432 | D:5      | 3432 ||| READING scroll labelled VYAHOY LUOTSU.
  3446 | D:4      | 3446 ||| RIP OSSUARY
  3478 | D:4      | Noticed Robin
  3479 | D:4      | 3479 ||| PLANNING D:1-11
  3479 | D:4      | 3479 ||| Stepping ~*~*~tactically~*~*~ (hiding).
  3481 | D:4      | 3481 ||| Stepping ~*~*~tactically~*~*~ (hiding).
  3503 | D:4      | Killed Robin
  3686 | D:4      | Found a staircase to the Ecumenical Temple.
  3687 | D:4      | 3687 ||| PLANNING TEMPLE
  3687 | D:4      | 3687 ||| UPGRADING to +0 helmet.
  3700 | Temple   | Entered the Ecumenical Temple
  3719 | Temple   | 3719 ||| PLANNING OKAWARU WORSHIP
  3744 | Temple   | Became a worshipper of Warmaster Okawaru
  3744 | Temple   | 3744 ||| PLANNING D:1-11
  3745 | Temple   | 3745 ||| REMOVING amulet of guardian spirit.
  3750 | Temple   | 3750 ||| DROPPING amulet of guardian spirit.
  3882 | D:5      | Reached skill level 7 in Axes
  3888 | D:5      | 3888 ||| STAIRDANCE
  3991 | D:5      | 3991 ||| Stepping ~*~*~tactically~*~*~ (hiding).
  3992 | D:5      | 3992 ||| Stepping ~*~*~tactically~*~*~ (hiding).
  3993 | D:5      | 3993 ||| Stepping ~*~*~tactically~*~*~ (hiding).
  4259 | D:6      | Noticed Edmund
  4259 | D:6      | Noticed Pikel
  4264 | D:6      | 4264 ||| STAIRDANCE
  4269 | D:5      | HP: 11/44 [Pikel/+2 whip of flaming (6)]
  4269 | D:5      | HP: 1/44 [lemure[Pikel] (8)]
  4270 | D:5      | 4270 ||| READING 7 scrolls of teleportation.
  4272 | D:5      | Slain by Pikel

Levels and vault maps discovered:
D:1:      nzn_arrival_water_spiral, layout_basic, minmay_domino_4
D:2:      layout_loops_ring, kennysheep_nondescript, minmay_misc_feat_ornament
D:3:      layout_basic, fedhas_ov_isle_minmay,
          shapermc_ecumenical_altar_hornbeckon, uniq_grinder
D:4:      layout_rooms, lemuel_temple_firewalk_a,
          lightli_ossuary_entry_decrepit_ruins, mrwooster_statue_mirror,
          uniq_robin
D:5:      layout_basic
D:6:      layout_loops_cross, serial_shops, nicolae_shop_gaudy_bauble,
          uniq_menkaure, uniq_edmund, uniq_pikel
Temple:   hellmonk_temple_of_storms

Skill      XL: |  1  2  3  4  5  6  7 |
---------------+----------------------+-----
Axes           | 2 3 4 6 7 |  7.1
Fighting       | 4 5 |  5.1
Dodging        | 1 |  1.0
Armour         | |  3.2
Shields        | |  3.2

Action                     |  1- 3 |  4- 6 |  7- 9 || total
---------------------------+-------+-------+-------++-------
  Melee: War axe           |    93 |   158 |   100 ||   351
    Use: Scroll            |     3 |     7 |     2 ||    12
 Armour: Scale mail        |    53 |    68 |    65 ||   186
  Dodge: Dodged            |    58 |    63 |    43 ||   164
  Block: Buckler           |    24 |    23 |    19 ||    66

Table legend:
 A = Non-vault XP
 B = Vault XP
 C = Vault XP percentage of total XP
 D = Non-vault monster count
 E = Vault monster count
 F = Vault count percentage of total count
                 A         B        C        D         E       F
            +---------+---------+-------+---------+---------+-------
      Total |     811 |     331 |  29.0 |     100 |      16 |  13.8
            +---------+---------+-------+---------+---------+-------
        D:1 |      39 |       7 |  15.2 |      23 |       4 |  14.8
        D:2 |     103 |       0 |   0.0 |      24 |       0 |   0.0
        D:3 |      61 |     290 |  82.6 |      20 |       1 |   4.8
        D:4 |      91 |      34 |  27.2 |      15 |      11 |  42.3
        D:5 |     517 |       0 |   0.0 |      18 |       0 |   0.0
            +---------+---------+-------+---------+---------+-------
